[Event "Titled Tuesday Blitz October 11 Early 2022"]
[White "Bharath Subramaniyam H"]
[Black "Dehtiarov, Roman"]
[WhiteFideId "46634827"]
[BlackFideId "14186640"]
[WhiteElo "2395"]
[BlackElo "2200"]
[Result "1-0"]
[Round "02"]
[TimeControl "180+1"]
[Date "2022.10.11"]
[WhiteClock "0:01:52"]
[BlackClock "0:00:09"]

1. d4 Nf6 2. Nc3 d5 3. Bf4 e6 4. Nb5 Bd6 5. Nxd6+ cxd6 6. e3 O-O 7. Nf3 Nc6 8. c3 Re8 9. h3 a6 10. Be2 e5 11. Bh2 Qe7 12. O-O Bf5 13. Rc1 Rad8 14. Qb3 Bg6 15. Rfd1 b5 16. a4 Na5 17. Qb4 Nc6 18. Qa3 Qb7 19. axb5 axb5 20. Qb3 Rb8 21. Ra1 b4 22. cxb4 Qxb4 23. Qxb4 Rxb4 24. dxe5 Nxe5 25. Rd2 Ne4 26. Rxd5 Rxb2 27. Bb5 Rb8 28. Nxe5 dxe5 29. Bxe5 R2xb5 30. Rxb5 Re8 31. Rb8 Rxb8 32. Bxb8 h6 33. f3 Nc5 34. e4 Ne6 35. Re1 Kf8 36. Kf2 f6 37. g4 Bf7 38. f4 g5 39. f5 Nd4 40. Bd6+ Kg8 41. Rc1 Nb5 42. Rc8+ Kh7 43. e5 h5 44. Be7 fxe5 45. Bf6 Bg8 46. Bxe5 hxg4 47. hxg4 Na3 48. Rc7+ Kh6 49. Bg7+ Kh7 50. Bf8+ Kh8 51. Bxa3 1-0


[Site "https://www.chess.com"]

[Event "Titled Tuesday Blitz October 11 Early 2022"]
[White "Borgaonkar Akshay"]
[Black "Xie, Bryan"]
[WhiteFideId "25639110"]
[BlackFideId "30941296"]
[WhiteElo "2063"]
[BlackElo "2033"]
[Result "1-0"]
[Round "02"]
[TimeControl "180+1"]
[Date "2022.10.12"]
[WhiteClock "0:00:30"]
[BlackClock "0:00:03"]

1. Nf3 Nf6 2. b3 e6 3. Bb2 b6 4. e3 Bb7 5. d4 c5 6. Nbd2 Be7 7. Bd3 O-O 8. O-O d6 9. c4 Nbd7 10. Re1 Qc7 11. Rc1 e5 12. d5 Rfe8 13. e4 Nf8 14. Nh4 Ng6 15. Nf5 Bf8 16. Bf1 Bc8 17. g3 Nxe4 18. Nh6+ gxh6 19. Nxe4 Bg7 20. f4 f5 21. Nf2 e4 22. Bxg7 Qxg7 23. Qd2 h5 24. Qe3 h4 25. Be2 hxg3 26. hxg3 Bd7 27. Bh5 Re7 28. Bxg6 hxg6 29. Nh3 Qh6 30. Ng5 Rae8 31. Kg2 Qg7 32. Qe2 Qd4 33. Rh1 e3 34. Rh6 Kg7 35. Rch1 Kf6 36. Rh7 Rxh7 37. Rxh7 Re7 38. Rh8 Rg7 39. Kf3 Qe4+ 40. Nxe4+ fxe4+ 41. Kxe4 Bf5+ 42. Kf3 Re7 43. g4 Bd3 44. Qxd3 e2 45. Qc3+ Kf7 46. Rh7+ Kf8 47. Rxe7 1-0


[Site "https://www.chess.com"]

[Event "Titled Tuesday Blitz October 11 Early 2022"]
[White "Boros, Denes"]
[Black "Evdokimov, Alexey"]
[WhiteFideId "722340"]
[BlackFideId "24162450"]
[WhiteElo "2464"]
[BlackElo "2154"]
[Result "1-0"]
[Round "02"]
[TimeControl "180+1"]
[Date "2022.10.12"]
[WhiteClock "0:01:20"]
[BlackClock "0:00:01"]

1. d4 Nf6 2. Nc3 d5 3. Nf3 c5 4. Bg5 cxd4 5. Bxf6 gxf6 6. Qxd4 e6 7. e4 Nc6 8. Bb5 Bd7 9. Qe3 d4 10. Nxd4 Nxd4 11. Qxd4 Bxb5 12. Nxb5 Qa5+ 13. Nc3 Be7 14. O-O Rd8 15. Qe3 Rg8 16. Rad1 Rxd1 17. Rxd1 Qh5 18. Qxa7 Kf8 19. Qb8+ Kg7 20. Qxb7 Bc5 21. b4 Bxf2+ 22. Kxf2 Kh8 23. Qc7 Qh4+ 24. Kg1 Qg4 25. Qg3 Qh5 26. Qf2 Qe5 27. Qd4 Qf4 28. Rf1 Qh4 29. Qxf6+ 1-0


[Site "https://www.chess.com"]

[Event "Titled Tuesday Blitz October 11 Early 2022"]
[White "Broca Jimenez, Fernando"]
[Black "Shvedova, Alexandra"]
[WhiteFideId "5104742"]
[BlackFideId "54154782"]
[WhiteElo "2062"]
[BlackElo "2090"]
[Result "0-1"]
[Round "02"]
[TimeControl "180+1"]
[Date "2022.10.12"]
[WhiteClock "0:00:16"]
[BlackClock "0:00:48"]

1. e4 c5 2. c3 Nf6 3. e5 Nd5 4. d4 cxd4 5. cxd4 d6 6. Nf3 Nc6 7. Nc3 dxe5 8. dxe5 Be6 9. Bd2 Ndb4 10. a3 Nd3+ 11. Bxd3 Qxd3 12. Bf4 Qc4 13. Ne2 Rd8 14. Qc1 Qd3 15. Qe3 Qb5 16. O-O Rd3 17. Nc3 Qc4 18. Qc1 g6 19. Re1 Bg7 20. Re4 Qa6 21. Qc2 O-O 22. Rae1 Bf5 23. R4e3 Rxe3 24. Qd1 Rxe1+ 25. Qxe1 Rd8 0-1


[Site "https://www.chess.com"]

[Event "Titled Tuesday Blitz October 11 Early 2022"]
[White "Carbone, Diego"]
[Black "Vignesh, N R"]
[WhiteFideId "3002179"]
[BlackFideId "25012215"]
[WhiteElo "2243"]
[BlackElo "2386"]
[Result "0-1"]
[Round "02"]
[TimeControl "180+1"]
[Date "2022.10.12"]
[WhiteClock "0:00:07"]
[BlackClock "0:00:42"]

1. d4 Nf6 2. c4 e6 3. g3 d5 4. Nf3 Be7 5. Bg2 O-O 6. O-O dxc4 7. Qc2 a6 8. a4 Bd7 9. Qxc4 Bc6 10. Bf4 Nbd7 11. Nc3 Bd6 12. Bd2 Ne4 13. Nxe4 Bxe4 14. Ng5 Bxg2 15. Kxg2 c5 16. Ne4 Nb6 17. Qb3 cxd4 18. Nxd6 Qxd6 19. Bb4 Qc6+ 20. Kg1 Rfc8 21. Rfd1 Qc2 22. Qf3 Nd5 23. Ba3 Qxa4 24. Qe4 Rc2 25. Rxd4 Qc6 26. Rad1 h6 27. Qf3 Rc1 28. Kg2 Rxd1 29. Rxd1 Rc8 30. h4 b5 31. e4 Nf6 32. Rd6 Qxe4 33. Qxe4 Nxe4 34. Rxa6 Rc2 35. Ra8+ Kh7 36. Kf3 Nxf2 37. Rb8 f5 38. Ke3 Ng4+ 39. Kd3 Rg2 40. Bd6 Rxb2 41. Rb7 Kg6 42. Bf8 Rb3+ 43. Kd4 Rxg3 44. Rxg7+ Kh5 45. Kc5 f4 46. Rf7 f3 47. Kd6 f2 48. Be7 Rg1 49. Kxe6 f1=Q 50. Rf5+ Qxf5+ 51. Kxf5 Rf1+ 0-1


[Site "https://www.chess.com"]

[Event "Titled Tuesday Blitz October 11 Early 2022"]
[White "Carrasco Miranda, Andres"]
[Black "Rozen, Eytan"]
[WhiteFideId "3405990"]
[BlackFideId "2816750"]
[WhiteElo "2183"]
[BlackElo "2362"]
[Result "0-1"]
[Round "02"]
[TimeControl "180+1"]
[Date "2022.10.12"]
[WhiteClock "0:00:13"]
[BlackClock "0:01:00"]

1. d4 d5 2. c4 c5 3. Nf3 Nf6 4. cxd5 cxd4 5. Nxd4 Nxd5 6. Nb5 e6 7. N1c3 a6 8. Nxd5 axb5 9. Nc3 Qa5 10. e4 b4 11. Nb5 Bd7 12. Nd6+ Bxd6 13. Qxd6 b3+ 14. Bd2 Qxa2 15. Rc1 Qxb2 16. Bc4 Qa3 17. Qd4 O-O 18. O-O e5 19. Qxe5 Nc6 20. Qg3 b2 21. Bc3 Nd4 22. Rb1 Be6 23. Bxe6 Ne2+ 24. Kh1 Nxg3+ 25. hxg3 Qxc3 0-1


[Site "https://www.chess.com"]

[Event "Titled Tuesday Blitz October 11 Early 2022"]
[White "Chernomordik, Pavel"]
[Black "Kiseljova, Marya"]
[WhiteFideId "2804530"]
[BlackFideId "4155009"]
[WhiteElo "2217"]
[BlackElo "1931"]
[Result "0-1"]
[Round "02"]
[TimeControl "180+1"]
[Date "2022.10.12"]
[WhiteClock "0:00:01"]
[BlackClock "0:00:02"]

1. e4 c5 2. Nc3 Nc6 3. Bb5 Nd4 4. Bc4 e6 5. Nge2 a6 6. Nxd4 cxd4 7. Ne2 b5 8. Bb3 Bc5 9. d3 Bb7 10. O-O d5 11. Ng3 Nf6 12. e5 Nd7 13. Qg4 g6 14. Bg5 Qc7 15. Rae1 Nxe5 16. Qf4 Bd6 17. Bf6 Nd7 18. Qxd4 Nxf6 19. Qxf6 O-O 20. d4 Qd8 21. Qf3 Qh4 22. c3 Rac8 23. a3 a5 24. Qe3 b4 25. axb4 axb4 26. f4 Ba6 27. Rf3 bxc3 28. bxc3 Rb8 29. Bd1 Rb2 30. Nf1 Rfb8 31. Rh3 Qxf4 32. Rf3 Qxe3+ 33. Nxe3 Kg7 34. Ng4 Be7 35. Ne5 Rf8 36. g3 Bg5 37. Nd3 Ra2 38. Nb4 Ra3 39. Nxa6 Rxa6 40. Ref1 Ra7 41. Be2 Rc8 42. Rd3 Be7 43. h4 h5 44. Rdf3 Rac7 45. Rxf7+ Kg8 46. Bd3 Bd6 0-1


[Site "https://www.chess.com"]

[Event "Titled Tuesday Blitz October 11 Early 2022"]
[White "Chigaev, Maksim"]
[Black "Girsh, Daniel"]
[WhiteFideId "4108116"]
[BlackFideId "30949190"]
[WhiteElo "2537"]
[BlackElo "2075"]
[Result "1-0"]
[Round "02"]
[TimeControl "180+1"]
[Date "2022.10.12"]
[WhiteClock "0:00:19"]
[BlackClock "0:00:26"]

1. Nf3 d5 2. c4 e6 3. g3 Nf6 4. Bg2 Be7 5. O-O O-O 6. b3 c5 7. cxd5 Nxd5 8. Nc3 Nc6 9. Bb2 b6 10. Nxd5 exd5 11. d4 Re8 12. Rc1 Ba6 13. Re1 Rc8 14. Bh3 Rc7 15. dxc5 Bxc5 16. a3 h6 17. e3 Bc8 18. Bxc8 Rxc8 19. b4 Be7 20. Qa4 Qd7 21. Red1 Qb7 22. Qb5 Red8 23. Qd3 a6 24. Qf5 Bf8 25. Qg4 Ne7 26. Bf6 Rxc1 27. Rxc1 Rc8 28. Rxc8 Nxc8 29. Bb2 Qc6 30. Nd4 Qc4 31. h3 Nd6 32. Nf5 Nxf5 33. Qxf5 Qb3 34. Qb1 Be7 35. Qa1 Bf8 36. Bd4 b5 37. g4 Qd3 38. Qc3 Qc4 39. Kg2 f6 40. h4 Kf7 41. h5 Bd6 42. Qb2 Qd3 43. Qc1 Qc4 44. Qb1 Be7 45. Qg6+ Kf8 46. g5 hxg5 47. h6 gxh6 48. Qxh6+ Kf7 49. Qh7+ Ke6 50. Qg8+ Kd7 51. Qa8 Qc6 52. Qa7+ Qc7 53. Qxa6 Qc6 54. Qa7+ Ke6 55. Qb8 Qd6 56. Qxb5 g4 57. Qe8 Kf5 58. Qh5+ Ke6 59. Qxg4+ Kf7 60. Qf5 Qc6 61. a4 Bd8 62. b5 Qd6 63. b6 Bc7 64. bxc7 Qxc7 65. Qxd5+ Ke8 66. Qf5 Ke7 67. Qxf6+ Ke8 68. Qh8+ Kd7 69. Qg7+ Kc8 70. Qxc7+ Kxc7 71. e4 Kc6 72. Kf3 Kd6 73. Ke3 Ke6 74. f3 Kd6 75. f4 Kc6 76. f5 Kd6 77. Kf4 Kd7 78. Be5 Ke7 79. f6+ Ke6 80. a5 Kf7 81. a6 Ke6 82. a7 Kf7 83. a8=Q Ke6 84. Qd5# 1-0


[Site "https://www.chess.com"]

[Event "Titled Tuesday Blitz October 11 Early 2022"]
[White "Ciuffoletti, Paolo"]
[Black "Jovic, Stanoje"]
[WhiteFideId "807630"]
[BlackFideId "905020"]
[WhiteElo "2143"]
[BlackElo "2238"]
[Result "0-1"]
[Round "02"]
[TimeControl "180+1"]
[Date "2022.10.12"]
[WhiteClock "0:00:54"]
[BlackClock "0:01:20"]

1. e4 c6 2. d4 d5 3. exd5 cxd5 4. c4 Nf6 5. Nc3 Nc6 6. Nf3 Bg4 7. cxd5 Nxd5 8. Qb3 Bxf3 9. gxf3 Nb6 10. Be3 e6 11. O-O-O Be7 12. Kb1 O-O 13. d5 exd5 14. Nxd5 Nxd5 15. Rxd5 Qc7 16. f4 Rfd8 17. Bg2 Rxd5 18. Bxd5 Bf6 19. Rc1 g6 20. f5 Kg7 21. fxg6 hxg6 22. Qc4 Qe5 23. Rc2 Nb4 24. Qxb4 Qxd5 25. a3 b6 26. Rd2 Qh1+ 27. Ka2 Qxh2 28. Rd7 Qe5 29. Bd4 Qe6+ 0-1


[Site "https://www.chess.com"]

[Event "Titled Tuesday Blitz October 11 Early 2022"]
[White "Coelho, Ramyres Santana"]
[Black "Winterberg, Lukas"]
[WhiteFideId "2120690"]
[BlackFideId "24622702"]
[WhiteElo "1888"]
[BlackElo "2349"]
[Result "1/2-1/2"]
[Round "02"]
[TimeControl "180+1"]
[Date "2022.10.12"]
[WhiteClock "0:00:10"]
[BlackClock "0:00:05"]

1. e4 e5 2. Nf3 Nf6 3. d4 Nxe4 4. dxe5 d5 5. Nc3 Nxc3 6. bxc3 Be7 7. Bd3 O-O 8. O-O Bg4 9. h3 Bh5 10. g4 Bg6 11. Re1 c5 12. Bxg6 hxg6 13. Bf4 Nc6 14. Qd2 d4 15. cxd4 Nxd4 16. Nxd4 cxd4 17. Rad1 Bc5 18. c3 Qh4 19. cxd4 Rad8 20. Qe3 Bxd4 21. Rxd4 Rxd4 22. Qxd4 Qxh3 23. Bg3 Kh7 24. g5 Kg8 25. Qh4 Qe6 26. Kg2 Qd5+ 27. f3 Qxa2+ 28. Bf2 Re8 29. Rh1 Kf8 30. Kg3 Rxe5 31. Qb4+ Kg8 32. Qh4 Kf8 33. Rd1 Qa5 34. f4 Rd5 35. Rxd5 Qxd5 36. Qh8+ Ke7 37. Qxg7 a5 38. Qf6+ Kd7 39. Bd4 a4 40. Qe5 Qxe5 41. Bxe5 b5 42. Bc3 Kc6 43. Kf3 Kd5 44. Bb4 Kc4 45. Be7 b4 46. Ke2 Kc3 47. Kd1 a3 48. Kc1 Kc4 49. Kc2 b3+ 50. Kb1 a2+ 51. Kb2 Kd5 52. Bf6 Kc4 53. Be5 Kb4 54. Bd6+ Kc4 55. Be5 Kb4 56. Bf6 Kc4 57. Ka1 Kb4 58. Kb2 Kc4 1/2-1/2


[Site "https://www.chess.com"]

[Event "Titled Tuesday Blitz October 11 Early 2022"]
[White "Colas, Joshua"]
[Black "Andreikin, Dmitry"]
[WhiteFideId "2044447"]
[BlackFideId "4158814"]
[WhiteElo "2347"]
[BlackElo "2736"]
[Result "0-1"]
[Round "02"]
[TimeControl "180+1"]
[Date "2022.10.11"]
[WhiteClock "0:01:50"]
[BlackClock "0:02:36"]

1. Nf3 b6 2. g3 Bb7 3. Bg2 g6 4. O-O Bg7 5. d4 Nf6 6. b3 O-O 7. Bb2 d5 8. Nbd2 a5 9. a3 c5 10. c4 cxd4 11. Nxd4 Nc6 12. Nxc6 Bxc6 13. cxd5 Bxd5 14. Bxd5 Qxd5 15. Nc4 Qh5 16. Bxf6 Bxf6 17. e3 Bxa1 18. Qxh5 gxh5 19. Rxa1 b5 20. Ne5 Rac8 21. a4 f6 22. Nf3 b4 23. Rd1 Rc3 24. Rd5 Rxb3 25. Rxa5 Rb8 26. Nd4 Rb1+ 27. Kg2 b3 0-1


[Site "https://www.chess.com"]

[Event "Titled Tuesday Blitz October 11 Early 2022"]
[White "Costachi, Mihnea"]
[Black "Buscar, Michael"]
[WhiteFideId "1217518"]
[BlackFideId "2603616"]
[WhiteElo "2437"]
[BlackElo "2010"]
[Result "1-0"]
[Round "02"]
[TimeControl "180+1"]
[Date "2022.10.12"]
[WhiteClock "0:01:22"]
[BlackClock "0:00:01"]

1. e4 c5 2. Nf3 Nc6 3. b3 Nf6 4. e5 Nd5 5. Bb2 Nc7 6. Be2 Ne6 7. O-O g6 8. c3 Bg7 9. d4 d5 10. Na3 O-O 11. Nc2 cxd4 12. cxd4 f6 13. Ne3 Nf4 14. Re1 Bg4 15. h3 Nxe2+ 16. Qxe2 Bxf3 17. Qxf3 fxe5 18. Qxd5+ Qxd5 19. Nxd5 exd4 20. Nxe7+ Nxe7 21. Rxe7 Rf7 22. Rae1 Raf8 23. Rxf7 Kxf7 24. Kf1 Rd8 25. Rd1 Rd7 26. Ke1 Ke6 27. Kd2 Kd5 28. Re1 Rc7 29. Kd3 Rf7 30. f3 Rd7 31. Re4 Kc5 32. a3 a5 33. Re8 b6 34. Rc8+ Kd5 35. Rc4 Ke5 36. Rc6 Kf4 37. Rxb6 Kg3 38. Rb5 Kxg2 39. h4 Re7 40. h5 Re3+ 41. Kd2 gxh5 42. Rg5+ Kxf3 43. Rxg7 Rxb3 44. Kc2 1-0


[Site "https://www.chess.com"]

[Event "Titled Tuesday Blitz October 11 Early 2022"]
[White "Cramling Bellon, Anna"]
[Black "Kazakov, Mikhail"]
[WhiteFideId "32009232"]
[BlackFideId "14102749"]
[WhiteElo "1972"]
[BlackElo "2413"]
[Result "0-1"]
[Round "02"]
[TimeControl "180+1"]
[Date "2022.10.12"]
[WhiteClock "0:00:02"]
[BlackClock "0:00:07"]

1. d4 Nf6 2. c4 e6 3. Nf3 b6 4. Nc3 Bb7 5. e3 Be7 6. Bd3 d5 7. cxd5 exd5 8. O-O O-O 9. Ne5 Nbd7 10. f4 Ne4 11. Nxe4 dxe4 12. Bb5 Nxe5 13. fxe5 c5 14. b3 Bg5 15. dxc5 bxc5 16. Qe2 Qe7 17. Bb2 Rad8 18. Rad1 Bd5 19. g3 Qe6 20. h4 Bh6 21. Kh2 a6 22. Bc4 Bxc4 23. bxc4 Qg6 24. Rd5 Rb8 25. Bc3 Qc6 26. Rd6 Qa4 27. Rxh6 gxh6 28. Qg4+ Kh8 29. e6+ f6 30. Rxf6 Qc2+ 31. Rf2+ Qxc3 32. Rxf8+ Rxf8 33. Qxe4 Qb2+ 34. Kh3 Qf6 35. e7 Re8 36. Qd5 Rxe7 37. Qxc5 Qe6+ 38. Kh2 Kg7 39. Qd4+ Qe5 40. Qg4+ Kf7 41. Qf3+ Qf6 42. Qd5+ Qe6 43. Qh5+ Kg7 44. e4 Qg6 45. Qd5 Qxe4 46. Qd8 Qe2+ 47. Kh3 Qe6+ 48. Kh2 Qf6 49. Qa5 Re2+ 50. Kg1 Qf2+ 51. Kh1 Qg2# 0-1


[Site "https://www.chess.com"]

[Event "Titled Tuesday Blitz October 11 Early 2022"]
[White "Cruz Lledo, Pablo"]
[Black "Abdisalimov, Abdimalik"]
[WhiteFideId "2297361"]
[BlackFideId "14206323"]
[WhiteElo "2304"]
[BlackElo "2401"]
[Result "0-1"]
[Round "02"]
[TimeControl "180+1"]
[Date "2022.10.11"]
[WhiteClock "0:00:04"]
[BlackClock "0:00:14"]

1. d4 Nf6 2. c4 e6 3. Nc3 Bb4 4. e3 c5 5. Nf3 b6 6. Be2 Bxc3+ 7. bxc3 Nc6 8. O-O d6 9. Nd2 Na5 10. e4 Ba6 11. e5 dxe5 12. dxe5 Nd7 13. Ne4 Nxe5 14. Qc2 O-O 15. Bf4 Ng6 16. Bd6 Re8 17. Rad1 f5 18. Bg3 Qe7 19. Nd6 f4 20. Nxe8 Rxe8 21. Bh5 fxg3 22. Bxg6 gxh2+ 23. Kh1 hxg6 24. Qxg6 Bxc4 25. Rfe1 Qf7 26. Qg3 Bxa2 27. Re3 Bd5 28. Qh4 Nc4 29. Rh3 Qf6 30. Qh5 Rd8 31. Kxh2 Qe5+ 32. Qxe5 Nxe5 33. Rh4 c4 34. Kg3 b5 35. Ra1 Rd7 36. Rd4 Nc6 37. Rd2 a5 38. f4 b4 39. f5 b3 40. Kf4 exf5 41. Rad1 Ne7 42. Ra1 Ra7 43. Ke5 a4 44. Ra3 Kf7 45. Kd6 Be4 46. Kc5 Rc7+ 47. Kb5 Nd5 48. Kxa4 Nxc3+ 49. Kb4 Nb1 50. Rxb3 cxb3 0-1


[Site "https://www.chess.com"]

[Event "Titled Tuesday Blitz October 11 Early 2022"]
[White "Csonka, Balazs"]
[Black "Tologon tegin, Semetei"]
[WhiteFideId "742910"]
[BlackFideId "13800574"]
[WhiteElo "2404"]
[BlackElo "2282"]
[Result "1-0"]
[Round "02"]
[TimeControl "180+1"]
[Date "2022.10.12"]
[WhiteClock "0:00:04"]
[BlackClock "0:00:01"]

1. d4 Nf6 2. c4 e6 3. g3 Bb4+ 4. Nd2 d5 5. Bg2 O-O 6. Nf3 dxc4 7. Qc2 c5 8. dxc5 c3 9. bxc3 Bxc5 10. O-O Nc6 11. Nb3 Be7 12. Nfd4 Bd7 13. Rd1 Qb6 14. Be3 Qa6 15. a4 Rac8 16. Nb5 Rfd8 17. Qb2 b6 18. c4 Be8 19. Rxd8 Nxd8 20. a5 Bxb5 21. axb6 axb6 22. Rxa6 Bxa6 23. Nd2 Bxc4 24. Nxc4 Rxc4 25. Bxb6 Nc6 26. Be3 h6 27. h3 Nb4 28. Qb3 Rc2 29. Bf3 Nfd5 30. Bd4 Rc1+ 31. Kg2 Rc8 32. Qb2 Bf8 33. Qd2 Nc6 34. Bb2 Ndb4 35. h4 Ne7 36. Qxb4 Nd5 37. Qd2 1-0


[Site "https://www.chess.com"]

[Event "Titled Tuesday Blitz October 11 Early 2022"]
[White "Czernek, Tymon"]
[Black "Begunov, Konstantin"]
[WhiteFideId "1199510"]
[BlackFideId "4118510"]
[WhiteElo "2240"]
[BlackElo "2225"]
[Result "1-0"]
[Round "02"]
[TimeControl "180+1"]
[Date "2022.10.12"]
[WhiteClock "0:01:30"]
[BlackClock "0:01:40"]

1. e4 c5 2. Nf3 d6 3. d4 cxd4 4. Nxd4 Nf6 5. Nc3 a6 6. Bc4 e6 7. O-O Nbd7 8. Bxe6 fxe6 9. Nxe6 Qa5 10. Nd5 Kf7 11. Bd2 Qa4 12. b3 Qa3 13. Bb4 Qb2 14. Bc3 Qa3 15. Ng5+ Kg8 16. Nxf6+ Nxf6 17. Bxf6 gxf6 18. Qd5+ Kg7 19. Qf7+ Kh6 20. Qxf6+ Kh5 21. Qxh8 d5 22. Nxh7 Kg6 23. Nxf8+ Kf7 24. Nd7 1-0


[Site "https://www.chess.com"]

[Event "Titled Tuesday Blitz October 11 Early 2022"]
[White "Dardha, Daniel"]
[Black "Pimpalkhare, Vedant"]
[WhiteFideId "240990"]
[BlackFideId "25048236"]
[WhiteElo "2528"]
[BlackElo "2182"]
[Result "1-0"]
[Round "02"]
[TimeControl "180+1"]
[Date "2022.10.12"]
[WhiteClock "0:00:47"]
[BlackClock "0:00:03"]

1. e4 e6 2. d4 d5 3. Nd2 dxe4 4. Nxe4 Bd7 5. Nf3 Bc6 6. Bd3 Nd7 7. Qe2 Ngf6 8. Ng3 Be7 9. c3 O-O 10. O-O Bxf3 11. Qxf3 c6 12. Re1 Re8 13. a4 a5 14. Bg5 Qb6 15. Re2 c5 16. dxc5 Qxc5 17. Be3 Qc7 18. Qf4 Qxf4 19. Bxf4 Nd5 20. Bd2 N7f6 21. Bb5 Red8 22. Rae1 Bc5 23. Bg5 h6 24. Bc1 Rac8 25. Ne4 Nxe4 26. Rxe4 b6 27. g3 Nf6 28. R4e2 Rd5 29. Kg2 Rcd8 30. Bf4 Rd1 31. Rxd1 Rxd1 32. Rd2 Rxd2 33. Bxd2 Ne4 34. Be1 Kf8 35. Bc6 Nd6 36. b4 axb4 37. cxb4 Bd4 38. a5 bxa5 39. bxa5 Bc5 40. a6 Ke7 41. Bb4 Ba7 42. f4 f6 43. Kf3 e5 44. f5 Bd4 45. g4 Ba7 46. h3 Bd4 47. Ke2 Ba7 48. Kd3 Bd4 49. Ba3 Ba7 50. Ke2 Bd4 51. Kf3 Ba7 52. Kg3 Be3 53. Kh4 Ba7 54. Kh5 e4 55. Bxe4 Kd7 56. Bd3 Nc8 57. Kg6 Ne7+ 58. Kxg7 Nd5 59. Kxh6 Nf4 60. Bf1 Be3 61. Kg7 Bd4 62. Bb2 1-0


[Site "https://www.chess.com"]

[Event "Titled Tuesday Blitz October 11 Early 2022"]
[White "De Souza, Cristiano Gomes"]
[Black "Navalgund, Niranjan"]
[WhiteFideId "2151758"]
[BlackFideId "5030854"]
[WhiteElo "2068"]
[BlackElo "2294"]
[Result "0-1"]
[Round "02"]
[TimeControl "180+1"]
[Date "2022.10.12"]
[WhiteClock "0:02:17"]
[BlackClock "0:02:51"]

1. d4 e5 2. dxe5 d6 3. exd6 Bxd6 4. Nf3 Nc6 5. e4 Bg4 6. Be2 Qe7 7. Nbd2 O-O-O 8. c3 Bf4 9. Qc2 Nf6 10. O-O Ne5 11. Nxe5 Bxe2 12. Re1 Bxh2+ 13. Kxh2 Qxe5+ 14. Kg1 Ng4 15. g3 Qh5 16. Nf1 Bf3 0-1


[Site "https://www.chess.com"]

[Event "Titled Tuesday Blitz October 11 Early 2022"]
[White "Delorme, Alban"]
[Black "Cnejev, Vladimir-Alexandru"]
[WhiteFideId "623636"]
[BlackFideId "1260898"]
[WhiteElo "2197"]
[BlackElo "2193"]
[Result "0-1"]
[Round "02"]
[TimeControl "180+1"]
[Date "2022.10.12"]
[WhiteClock "0:00:01"]
[BlackClock "0:00:19"]

1. e4 e5 2. Nf3 Nc6 3. Bc4 Bc5 4. c3 Nf6 5. d4 exd4 6. b4 Bb6 7. e5 d5 8. exf6 dxc4 9. Qe2+ Be6 10. b5 Nb4 11. cxb4 Qxf6 12. O-O O-O-O 13. Bg5 d3 14. Qd2 Qxa1 15. Bxd8 Bd4 16. Nxd4 Qxd4 17. Bg5 b6 18. Nc3 h6 19. Bf4 g5 20. Bg3 Rd8 21. Re1 Qf6 22. Be5 Qe7 23. Ne4 Rd5 24. Bf6 Qf8 25. a4 Kb8 26. Bc3 Kb7 27. Qe3 Qd8 28. f3 d2 29. Rd1 Rd3 30. Qe2 f5 31. Nc5+ bxc5 32. Qxe6 Rxc3 33. bxc5 Rc1 34. Qe2 c3 35. c6+ Kb8 0-1


[Site "https://www.chess.com"]

[Event "Titled Tuesday Blitz October 11 Early 2022"]
[White "Demin, Vladimir"]
[Black "Ohanyan, Emin"]
[WhiteFideId "4167457"]
[BlackFideId "13312022"]
[WhiteElo "2571"]
[BlackElo "2302"]
[Result "0-1"]
[Round "02"]
[TimeControl "180+1"]
[Date "2022.10.12"]
[WhiteClock "0:00:01"]
[BlackClock "0:01:13"]

1. d4 d5 2. Bf4 e6 3. e3 Bd6 4. Qf3 Nc6 5. Nc3 Nge7 6. O-O-O e5 7. dxe5 Nxe5 8. Qg3 Nf5 9. Qh3 c6 10. g4 Ne7 11. Qg3 N7g6 12. f3 Nxf4 13. exf4 Ng6 14. Re1+ Be6 15. Nh3 Qc7 16. Ne2 O-O-O 17. Kb1 Kb8 18. Bg2 h5 19. Rhf1 h4 20. Qf2 Nxf4 21. Nhxf4 Bxf4 22. h3 Rhe8 23. Qd4 Bg3 24. Nxg3 Qxg3 25. Qd2 g5 26. Re2 f6 27. Rfe1 Bd7 28. Rxe8 Rxe8 29. Rxe8+ Bxe8 30. Qe2 Qe5 31. Qd2 d4 32. b3 c5 33. Bf1 Bc6 34. Qd1 Qe3 35. Be2 b5 36. Qf1 a6 37. Kb2 Kc7 38. Kb1 Kb6 39. Kb2 Bd5 40. a3 c4 41. bxc4 bxc4 42. Kb1 Kc5 43. Qd1 Qxa3 44. Qe1 c3 0-1


[Site "https://www.chess.com"]

[Event "Titled Tuesday Blitz October 11 Early 2022"]
[White "Di Nicolantonio, Lucas"]
[Black "Papasimakopoulos, Alexandros"]
[WhiteFideId "680460"]
[BlackFideId "4244125"]
[WhiteElo "2381"]
[BlackElo "2357"]
[Result "1-0"]
[Round "02"]
[TimeControl "180+1"]
[Date "2022.10.12"]
[WhiteClock "0:00:20"]
[BlackClock "0:00:29"]

1. Nf3 Nf6 2. c4 b6 3. d4 e6 4. e3 Bb7 5. Bd3 Ne4 6. O-O d6 7. Nc3 f5 8. d5 Nxc3 9. bxc3 g6 10. Nd4 exd5 11. Bxf5 dxc4 12. e4 Nc6 13. Ne6 Qe7 14. Bg5 Qf7 15. Bh3 a6 16. f4 h6 17. Bh4 Bc8 18. Qd5 Bb7 19. Qd2 Bg7 20. f5 g5 21. f6 Bf8 22. Bg3 Rg8 23. Qd5 Rc8 24. Nxf8 Rxf8 25. Bxc8 Bxc8 26. Qxc6+ Qd7 27. Qxd7+ Bxd7 28. h4 Kf7 29. Rad1 Bg4 30. Rd4 b5 31. e5 Be6 32. exd6 c5 33. Rd2 Rd8 34. d7 b4 35. hxg5 hxg5 36. Bc7 Rxd7 37. Rxd7+ Bxd7 38. Bd6 bxc3 39. Bxc5 c2 40. Be3 g4 41. Rf4 Be6 42. Kf2 c3 43. Ra4 Kxf6 44. Rxa6 Ke5 45. Rxe6+ Kxe6 46. Kg3 Kd5 47. a4 Kc4 48. Kxg4 Kb4 49. Kf3 Kxa4 50. Ke2 Kb3 51. Kd3 Kb4 52. Kxc2 Kc4 53. g4 Kd5 54. g5 Ke5 55. Kxc3 Kf5 56. Kd2 Ke4 57. Ke2 Kf5 58. Kf3 Kg6 59. Kg4 Kg7 60. Kf5 Kh7 61. g6+ Kg7 62. Bd4+ Kg8 63. Kg5 Kf8 64. Kh6 Kg8 65. g7 Kf7 66. Kh7 Ke6 67. g8=Q+ Kf5 68. Bh8 Ke4 69. Kg7 Ke5 70. Qf7 Kd6 71. Qf6+ Kd5 72. Kf7 Kc5 73. Qe6 Kb5 74. Qc8 Kb4 75. Ke6 Kb5 76. Kd5 Kb4 77. Qc4+ Ka3 78. Qb5 Ka2 79. Qb2# 1-0


[Site "https://www.chess.com"]

[Event "Titled Tuesday Blitz October 11 Early 2022"]
[White "Dilmukhametov, Artur"]
[Black "Devaev, Alexander"]
[WhiteFideId "24179922"]
[BlackFideId "4169395"]
[WhiteElo "2197"]
[BlackElo "2225"]
[Result "0-1"]
[Round "02"]
[TimeControl "180+1"]
[Date "2022.10.12"]
[WhiteClock "0:00:19"]
[BlackClock "0:00:26"]

1. e4 c6 2. Nc3 d5 3. Qf3 Nf6 4. e5 Ng8 5. d4 e6 6. Bd3 c5 7. Be3 cxd4 8. Bxd4 Nc6 9. Nge2 Nge7 10. O-O Ng6 11. Bb5 a6 12. Bxc6+ bxc6 13. Na4 Qc7 14. Nc5 Bxc5 15. Bxc5 Qxe5 16. Bd4 Qd6 17. Bxg7 Rg8 18. Bd4 e5 19. Bc3 d4 20. Bd2 Nh4 21. Qh5 Nxg2 22. Kh1 Qg6 23. Qxg6 Rxg6 24. Rg1 Nh4 25. Rxg6 hxg6 26. Rg1 Nf3 27. Rd1 Nxd2 28. Rxd2 Be6 29. b3 c5 30. c4 a5 31. f3 a4 32. Nc1 Ke7 33. Nd3 Kd6 34. Kg2 axb3 35. axb3 Ra3 36. Rb2 Bf5 37. Ne1 Be6 38. Nd3 f5 39. h4 e4 40. fxe4 fxe4 41. Nf4 Bf5 42. Kf2 Ke5 43. Ng2 e3+ 44. Nxe3 dxe3+ 45. Kxe3 Be6 46. Rb1 Bxc4 47. Kd2 Rxb3 48. Rxb3 Bxb3 49. Kc3 c4 50. Kb2 Kf4 51. Kc3 Kg4 52. Kd2 Kxh4 53. Ke3 g5 54. Kd4 g4 55. Kc3 g3 0-1


[Site "https://www.chess.com"]